 Dungeon Crawl Stone Soup version 0.19-a0-1065-gdac414d (webtiles) character file.

7043 MrRokkomies the Carver (level 11, -12/79 HPs)
             Began as a Formicid Fighter on July 15, 2016.
             Was a High Priest of Cheibriados.
             Mangled by a large slime creature (32 damage)
             ... on level 12 of the Dungeon on Aug 4, 2016.
             The game lasted 00:36:55 (7613 turns).

MrRokkomies the Carver (Formicid Fighter)           Turns: 7613, Time: 00:36:56

Health: -12/79     AC: 23    Str: 39    XL:     11   Next: 29%
Magic:  11/11      EV:  7    Int: 24    God:    Cheibriados [*****.]
Gold:   260        SH: 12    Dex: 24    Spells: 0 memorised, 10 levels left

rFire  . . .     SeeInvis +     b - +3 scimitar (protect)
rCold  . . .     Gourm    .     C - +0 plate armour (curse)
rNeg   . . .     Faith    +     c - +0 shield
rPois  .         Spirit   .     (helmet unavailable)
rElec  .         Dismiss  .     H - +2 cloak {+Inv}
rCorr  .         Reflect  .     (no gloves)
SustAt .         Harm     .     (no boots)
MR     +....                    p - amulet of faith
Stlth  ..........               k - +3 ring of strength
                                o - ring of wizardry

@: very slow
A: permanent stasis, dig shafts and tunnels, four strong arms, antennae 3
a: Dig, Shaft Self, Bend Time, Temporal Distortion, Slouch, Step From Time,
Renounce Religion, Evoke Invisibility


You were on level 12 of the Dungeon.
You worshipped Cheibriados.
Cheibriados was extremely pleased with you.
You were hungry.

You visited 1 branch of the dungeon, and saw 10 of its levels.

You collected 340 gold pieces.
You spent 80 gold pieces at shops.

Inventory:

Hand Weapons
 a - a +1 hand crossbow of freezing
 b - a +3 scimitar of protection (weapon)
 r - a +0 blowgun
 I - a +0 scimitar of flaming
Missiles
 j - 6 bolts
 s - 29 poisoned needles
 u - 4 tomahawks (quivered)
Armour
 c - a +0 shield (worn)
 C - a cursed +0 plate armour (worn)
 H - a +2 cloak of invisibility (worn)
Jewellery
 k - a +3 ring of strength (right hand)
 o - a ring of wizardry (left hand)
 p - an amulet of faith (around neck)
Wands
 n - a wand of paralysis (9/24)
 q - a wand of disintegration (6/24)
Scrolls
 e - a scroll of remove curse
 h - a scroll of amnesia
 x - a scroll of enchant armour
 K - a scroll of vulnerability {unknown}
Potions
 g - a potion of cure mutation
 l - a potion of heal wounds
 m - a potion of curing
 v - a potion of brilliance
 z - 2 potions of lignification
 D - a potion of cancellation
 G - a potion of magic
 J - a potion of ambrosia {unknown}
Books
 i - a book of Spatial Translocations

   Spells                             Type                      Level
   a - Apportation                    Translocation                1
   b - Blink                          Translocation                2
   c - Shroud of Golubria             Charms/Translocation         2
   d - Portal Projectile              Translocation                3
   e - Teleport Other                 Translocation                3
   f - Passage of Golubria            Translocation                4
 y - a book of Cantrips

   Spells                             Type                      Level
   a - Confusing Touch                Hexes                        1
   b - Animate Skeleton               Necromancy                   1
   c - Summon Small Mammal            Summoning                    1
   d - Apportation                    Translocation                1
 E - a book of Enchantments

   Spells                             Type                      Level
   a - Cause Fear                     Hexes                        4
   b - Yara's Violent Unravelling     Hexes/Transmutation          5
   c - Silence                        Hexes/Air                    5
   d - Deflect Missiles               Charms/Air                   6
   e - Haste                          Charms                       6
   f - Discord                        Hexes                        8
Comestibles
 f - 8 bread rations
 t - a slice of pizza
 A - a royal jelly
 B - 3 meat rations
 F - 7 fruits


   Skills:
 - Level 5.0 Fighting
 * Level 11.8 Long Blades
 - Level 7.0 Crossbows
 - Level 10.1 Armour
 - Level 3.6 Shields
 * Level 0.0 Invocations


You had 10 spell levels left.
You didn't know any spells.

Dungeon Overview and Level Annotations

Branches:
Dungeon (12/15)            Temple (0/1) D:4
   Lair: D:8-11         Orc: D:9-12

Altars:
Ashenzari
Cheibriados
Dithmenos
Elyvilon
Hepliaklqana
Nemelex Xobeh
Pakellas
Vehumet
Xom
Yredelemnul

Shops:
D:4 *   D:5 %   D:6 (   D:12 ::


Innate Abilities, Weirdness & Mutations

You are under a permanent stasis effect.
You can dig through walls and to a lower floor.
Your four strong arms can wield two-handed weapons with a shield.
You have a pair of large antennae on your head. (SInv)


Message History

The slime creature is moderately wounded.
You hit the slime creature.
The slime creature is heavily wounded.
You block the slime creature's attack. x2; The large slime creature hits you!!
* * * LOW HITPOINT WARNING * * *
The slime creature hits you.
* * * LOW HITPOINT WARNING * * *
You feel much better.
The slime creature completely misses you.
You riposte.
You slash the slime creature!
The slime creature is severely wounded.
The slime creature hits you!
The large slime creature hits you but does no damage.
The slime creature hits you but does no damage.
You hit the slime creature.
The slime creature is almost dead.
The slime creature hits you. The slime creature hits you!
* * * LOW HITPOINT WARNING * * *
The large slime creature hits you!!
You die...

*,,****##########.............
*,,,,,,.......................
*,,,,,,.......................
*,,*****######.###########....
*,,* #.# *...#
*>,***########.# *...#
*,,,,,.........#######****,...
*,,,,,................,,,,,,,,
*,,,,,......J@........,*******
*,,,,,......JJJ.......,*
*,,,,,................,*
*,,,,,................,*
*,,,,,................,*******
*,,,,,....."....(.....,,,,,,,,
*,\,,,................,,,,,,,,
*,,,,,......)........,<,,,,,,,
*,,,,,,,,,,,,,,,,,,,,,,,,,,,,,


You could see a large slime creature and 3 slime creatures.

Vanquished Creatures
  Erica (D:8)
  Psyche (D:8)
  Joseph (D:8)
  2 trolls (D:12)
  A two-headed ogre (D:8)
  A slime creature (D:12)
  A spriggan (D:7)
  A shadow (D:9)
  A wyvern (D:9)
  A hippogriff (D:12)
  2 vampire mosquitoes (D:12)
  Duvessa (D:6)
  2 sky beasts
  2 ice beasts
  4 phantoms
  3 black bears
  2 orc warriors
  A wasp (D:12)
  7 centaurs
  3 ogres
  2 giant frogs
  Dowan (D:6)
  2 scorpions
  A water moccasin skeleton (D:5)
  6 killer bees (D:8)
  8 wights
  2 howler monkeys (D:8)
  A crimson imp (D:8)
  A quasit (D:5)
  A wasp zombie (D:6)
  A giant frog zombie (D:5)
  5 hounds
  An orc priest (D:6)
  8 orc wizards
  2 giant frog skeletons
  Crazy Yiuf (D:7)
  An iguana (D:12)
  3 worker ants
  A hound skeleton (D:5)
  A worker ant zombie (D:5)
  2 gnolls (D:2)
  5 adders
  A shadow imp (D:8)
  2 adder zombies
  An adder skeleton (D:8)
  9 worms
  3 dart slugs
  7 giant geckos
  25 orcs
  8 bats
  3 giant cockroaches
  10 goblins
  6 hobgoblins
  15 jackals
  7 kobolds
  5 quokkas
  5 giant newts
  5 rats
  A fungus (D:7)
207 creatures vanquished.

Vanquished Creatures (others)
  A plant (D:2)
1 creature vanquished.

Grand Total: 208 creatures vanquished

Notes
Turn   | Place    | Note
-------+----------+-------------------------------------------
     0 | D:1      | MrRokkomies the Formicid Fighter began the quest for the Orb.
     0 | D:1      | Reached XP level 1. HP: 18/18 MP: 1/1
   181 | D:1      | Reached XP level 2. HP: 24/24 MP: 2/2
   709 | D:2      | Reached XP level 3. HP: 26/30 MP: 3/3
   721 | D:2      | Found a shimmering altar of Xom.
   888 | D:2      | Reached skill level 3 in Long Blades
  1059 | D:2      | Reached XP level 4. HP: 18/37 MP: 4/4
  1870 | D:2      | Reached XP level 5. HP: 40/43 MP: 5/5
  2162 | D:3      | Reached skill level 5 in Fighting
  2185 | D:3      | Found a snail-covered altar of Cheibriados.
  2191 | D:3      | Became a worshipper of Cheibriados the Contemplative
  2260 | D:3      | Found a basalt altar of Yredelemnul.
  2311 | D:3      | Reached skill level 4 in Long Blades
  2329 | D:3      | Found a faded altar of an unknown god.
  2951 | D:4      | Reached * piety under Cheibriados
  2951 | D:4      | Reached XP level 6. HP: 28/51 MP: 6/6
  2962 | D:4      | Found a staircase to the Ecumenical Temple.
  3057 | D:4      | Noticed an ogre
  3064 | D:4      | Killed an ogre
  3203 | D:4      | Found Soeggeim's General Store.
  3236 | D:4      | Found an oddly glowing altar of Pakellas.
  3516 | D:5      | Entered Level 5 of the Dungeon
  3606 | D:5      | Reached skill level 5 in Long Blades
  3606 | D:5      | Reached XP level 7. HP: 20/56 MP: 7/7
  3788 | D:5      | Reached skill level 5 in Armour
  4128 | D:5      | Found Agunawel's Food Shoppe.
  4184 | D:5      | Reached skill level 6 in Long Blades
  4305 | D:5      | Upgraded the game from 0.19-a0-994-g3c636f0 to 0.19-a0-1065-gdac414d
  4348 | D:5      | Reached XP level 8. HP: 62/62 MP: 8/8
  4356 | D:5      | Reached ** piety under Cheibriados
  4695 | D:6      | Noticed Dowan
  4795 | D:5      | Reached skill level 7 in Long Blades
  4805 | D:6      | Noticed Duvessa
  4818 | D:6      | Killed Duvessa
  4819 | D:6      | Killed Dowan
  4862 | D:5      | Reached XP level 9. HP: 23/68 MP: 9/9
  5008 | D:6      | Reached *** piety under Cheibriados
  5018 | D:6      | Found Iwugyak's Antique Weapon Shoppe.
  5031 | D:6      | Bought a runed hand crossbow for 80 gold pieces
  5128 | D:6      | Reached skill level 8 in Long Blades
  5469 | D:6      | Found a hazy altar of Hepliaklqana.
  5503 | D:6      | Reached **** piety under Cheibriados
  5651 | D:7      | Found a shattered altar of Ashenzari.
  5749 | D:7      | Reached skill level 9 in Long Blades
  5794 | D:7      | Found a shadowy altar of Dithmenos.
  6060 | D:7      | Found an oddly glowing altar of Pakellas.
  6250 | D:7      | Found a runed door.
  6254 | D:7      | Noticed Crazy Yiuf
  6258 | D:7      | Killed Crazy Yiuf
  6410 | D:8      | Noticed Joseph
  6435 | D:8      | Killed Joseph
  6435 | D:8      | Reached skill level 10 in Armour
  6435 | D:8      | Reached XP level 10. HP: 64/74 MP: 10/10
  6485 | D:8      | Found a radiant altar of Vehumet.
  6492 | D:8      | Found a sparkling altar of Nemelex Xobeh.
  6549 | D:8      | Reached skill level 1 in Crossbows
  6644 | D:8      | Reached skill level 10 in Long Blades
  6656 | D:8      | Reached ***** piety under Cheibriados
  6802 | D:8      | Noticed Psyche
  6817 | D:8      | Killed Psyche
  6820 | D:8      | Noticed Erica
  6835 | D:8      | Killed Erica
  7326 | D:9      | Reached skill level 11 in Long Blades
  7326 | D:9      | Reached skill level 5 in Crossbows
  7379 | D:9      | Reached XP level 11. HP: 45/79 MP: 11/11
  7385 | D:9      | Noticed a deep elf mage
  7394 | D:9      | Noticed a cyclops
  7400 | D:9      | Noticed a green ugly thing
  7401 | D:9      | You fall through a shaft for 3 floors!
  7491 | D:12     | Found a white marble altar of Elyvilon.
  7509 | D:12     | Found Toboenack's Book Boutique.
  7560 | D:12     | Found Dymm's Book Emporium.
  7613 | D:12     | Mangled by a large slime creature

Vault maps used:
D:1:      dpeg_arrival_simpleton_c
D:2:      wad_woods_stonehenge, first_bread
D:3:      kennysheep_slug_shrine, ecumenical_altar_2, yredelemnul_altar_generic
D:4:      serial_shops, shop_statue, grunt_pakellas_basics
D:5:      serial_shops, shop, grunt_decor_resistance
D:6:      nicolae_overflow_hidden_temple, serial_shops, shop,
          lightli_ossuary_entry_decrepit_ruins, uniq_duvessa
D:7:      kennysheep_mini, nicolae_overflow_crystal_walls, serial_corexii_hall,
          corexii_hall_statues_x, corexii_hall_statues_x,
          corexii_hall_statues_i, corexii_hall_statues_l, the_bakery,
          nicolae_dithmenos_the_darkroom, uniq_crazy_yiuf_cottage
D:8:      amethyst_overflow_temple_binary, uniq_erica, uniq_joseph, uniq_psyche
D:9:      minmay_cut_squares
D:12:     serial_shops, nicolae_shop_statue_plus, kennysheep_mini_moat, shop,
          shop, lab_entry_generic, elyvilon_altar_5

Skill      XL: |  1  2  3  4  5  6  7  8  9 10 11 |
---------------+----------------------------------+-----
Fighting       | 4 5 |  5.0
Long Blades    | 3 4 5 6 7 9 11 | 11.8
Armour         | 4 6 7 10 | 10.1
Crossbows      | 5 7 |  7.0
Shields        | |  3.6

Action                   |  1- 3 |  4- 6 |  7- 9 | 10-12 || total
-------------------------+-------+-------+-------+-------++-------
Melee: Long sword        |   132 |   268 |   155 |       ||   555
       Scimitar          |       |       |   211 |   201 ||   412
 Fire: Hand crossbow     |       |       |       |    15 ||    15
Throw: Tomahawk          |       |       |    19 |       ||    19
Invok: Bend Time         |       |       |     1 |       ||     1
 Abil: Dig               |       |       |     1 |       ||     1
       Shaft Self        |       |       |       |     1 ||     1
Evoke: Wand              |       |       |     1 |       ||     1
  Use: Scroll            |     4 |    11 |     8 |     2 ||    25
       Potion            |       |     1 |     1 |     5 ||     7
  Eat: Chunk             |       |     3 |     5 |     2 ||    10
       Bread ration      |       |     1 |       |       ||     1
       Beef jerky        |       |       |     1 |       ||     1
       Pizza             |       |       |       |     2 ||     2
Armor: Scale mail        |    69 |   109 |    52 |       ||   230
       Plate armour      |       |       |    72 |   141 ||   213
Dodge: Dodged            |    34 |    97 |    73 |    60 ||   264
Block: Shield            |    64 |   119 |   152 |   160 ||   495
